 Dungeon Crawl Stone Soup version 0.28.0-53-g5a82cb258f (webtiles) character file.

Game seed: 18433886667796075746

2200 gobodom the Conjurer (level 9, -1/55 HPs)
             Began as an Octopode Conjurer on June 21, 2022.
             Killed from afar by Maggie (22 damage)
             ... with a bolt of fire
             ... on level 6 of the Dungeon.
             The game lasted 00:29:22 (7930 turns).

gobodom the Conjurer (Octopode Conjurer)            Turns: 7930, Time: 00:29:23

Health: -1/55      AC:  1    Str: 17    XL:     9   Next: 34%
Magic:  6/16       EV: 13    Int: 20    God:
Gold:   202        SH:  0    Dex: 10    Spells: 12/18 levels left

rFire   . . .      SeeInvis +   g - +7 long sword of Grace {vorpal, SInv}
rCold   . . .      Faith    .   (no shield)
rNeg    . . .      Spirit   .   (helmet restricted)
rPois   .          Reflect  .   (no amulet)
rElec   .          Harm     .   x - +6 ring of strength
rCorr   .          Rampage  .   (no ring)
Will    .....                   (no ring)
Stlth   ++++......              (no ring)
HPRegen 0.18/turn               (no ring)
MPRegen 0.15/turn               (no ring)
                                (no ring)
                                (no ring)

@: no status effects
A: almost no armour, amphibious, 8 rings, camouflage 1, gelatinous body 1,
(nimble swimmer 1), tentacles
a: no special abilities


You were on level 6 of the Dungeon.
You visited 1 branch of the dungeon, and saw 6 of its levels.
You also visited: Ossuary.

You collected 202 gold pieces.

Inventory:

Hand Weapons
 e - a +2 antimagic dagger
 g - the +7 long sword of Grace (weapon) {vorpal, SInv}
   (You found it on level 2 of the Dungeon)

   It inflicts extra damage upon your enemies.
   SInv:      It lets you see invisible.
 i - a +0 dagger of holy wrath
 m - the +6 mace of Lepsop {speed, Fly rF+ Will+ rCorr}
   (You found it on level 5 of the Dungeon)

   Attacks with this weapon are significantly faster.
   rF:        It protects you from fire.
   Fly:       It grants you flight.
   rCorr:     It protects you from acid and corrosion.
   Will:      It increases your willpower.
 n - a +4 dagger
 y - a +2 dagger of venom
Missiles
 c - 8 poisoned darts
 j - 6 javelins
 k - 2 throwing nets
Jewellery
 x - a +6 ring of strength (left tentacle)
Scrolls
 b - a scroll of teleportation {unknown}
 l - 3 scrolls of noise {unknown}
 p - 3 scrolls of immolation {unknown}
 q - a scroll of enchant armour
Potions
 a - a potion of attraction
 d - 4 potions of ambrosia
 f - a potion of magic {unknown}
 h - a potion of resistance
 o - 2 potions of heal wounds {unknown}
 r - a potion of berserk rage
 s - 2 potions of curing
 t - 2 potions of haste
 u - a potion of might {unknown}
 v - a potion of lignification {unknown}
 w - 2 potions of degeneration {unknown}


   Skills:
 + Level 2.7 Fighting
 + Level 1.8(4.5) Short Blades
 + Level 6.5(6.7) Long Blades
 + Level 3.0 Dodging
 + Level 6.6 Stealth
 + Level 5.0 Spellcasting
 + Level 7.2 Conjurations
 + Level 0.6 Hexes


You had 12 spell levels left.
You knew the following spells:

 Your Spells              Type           Power      Damage    Failure   Level
a - Magic Dart            Conj           100%       1d8       1%          1
b - Searing Ray           Conj           68%        2d6       1%          2
c - Dazzling Flash        Conj/Hex       40%        N/A       7%          3

Your spell library contained the following spells:

 Spells                   Type           Power      Damage    Failure   Level
 Slow                     Hex            28%        N/A       9%          1
 Fulminant Prism          Conj/Hex       10%        3d9       22%         4
 Confusing Touch          Hex            7%         N/A       26%         3
 Iskenderun's Mystic Bla  Conj/Tloc      19%        2d6       26%         4
 Vampiric Draining        Necr           5%         2d6       34%         3


Dungeon Overview and Level Annotations

Branches:
Dungeon (6/15)            Ossuary (visited)
 Temple: D:4-7

Altars:
Ru
Zin

Shops:
D:1 =   D:5 *

Annotations:
D:6 Maggie


Innate Abilities, Weirdness & Mutations

You cannot wear most types of armour.
You are amphibious.
You can wear up to eight rings at the same time.
Your skin changes colour to match your surroundings (Stealth+).
Your rubbery body absorbs attacks. (AC +1, EV +1)
((You are camouflaged when in or above water. (Stealth+)))
You have tentacles for arms and can constrict up to eight enemies at once.


Message History

Maggie says, "How do the people who live here stand the isolation?"
Maggie mumbles some strange words.
Maggie attempts to bespell you!
You are mesmerised by Maggie!
The magic dart hits Maggie.
Maggie is lightly wounded.
The magic dart hits Maggie.
Maggie is lightly wounded.
You break out of your daze!
Maggie gestures wildly while chanting.
Maggie attempts to bespell you! You resist.
The magic dart hits Maggie.
Maggie is lightly wounded.
The magic dart hits Maggie!
Maggie is moderately wounded.
Casting: Magic Dart (safe; 1% risk of failure)
Confirm with . or Enter, or press ? or * to list all spells.
Aiming: Searing Ray (safe; 1% risk of failure)
Press: ? - help, Shift-Dir - straight line, f/p - Maggie
Aim: Maggie, wielding a +0 war axe and wearing +0 steam dragon scales (moderately wounded, 81% to hit)
The searing ray misses Maggie. (Press . to maintain the ray.)
The searing ray hits Maggie!
Maggie is heavily wounded.
The searing ray misses the ufetubus.
The searing ray hits Maggie!
Maggie is heavily wounded.
The searing ray hits the ufetubus!
You kill the ufetubus!
Maggie points at you and mumbles some strange words.
The bolt of fire hits you!!
The searing ray hits Maggie.
Maggie is severely wounded.
You finish channelling your searing ray.
Maggie hits you with a +0 war axe!
You slash Maggie! Your grab misses Maggie.
Maggie is severely wounded.
Maggie gestures at you while chanting. The bolt of fire hits you!!
You die... .... #.... [o.. #....# loo.. ###..#.# oY...

########......#
.... #..........#
... #.#..###..##
#.#####)#..###.##
#....@@.#..##..#
#...####..###.##
#.#.l....###..#
#..##..#.## #.##
.. #......# #.#
.. #.###..# #.#
## #.
#..####.##### . #
#..#........#
#..#........#


You could see Maggie.

Vanquished Creatures
  Grinder (D:5)
  Prince Ribbit (D:5)
  Sigmund (D:4)
  Eustachio (D:4)
  Edmund (D:5)
  A water moccasin (D:5)
  A black bear (D:4)
  An ogre (D:2)
  An elf zombie (Ossuary)
  3 phantoms
  2 human zombies (Ossuary)
  2 orc priests
  A bullfrog skeleton (D:5)
  3 hounds
  2 jellies
  2 centaur skeletons
  2 iguanas (D:6)
  6 orc wizards
  A killer bee zombie (D:6)
  2 mummies (Ossuary)
  4 adders
  3 gnolls (D:4)
  A white imp (D:5)
  2 ufetubi
  An adder skeleton (D:4)
  2 adder zombies (Ossuary)
  2 worms (D:2)
  2 dart slugs (D:4)
  14 orcs
  9 ball pythons
  7 endoplasms
  A giant cockroach (D:1)
  6 goblins
  8 hobgoblins
  3 jackals (D:1)
  3 quokkas
  5 bats
  2 frilled lizards
  2 goblin zombies (Ossuary)
  10 hobgoblin zombies (Ossuary)
  5 kobolds
  10 kobold zombies (Ossuary)
  8 orc zombies (Ossuary)
  A quokka zombie (D:5)
  7 rats
  3 rat zombies
156 creatures vanquished.

Vanquished Creatures (others)
  A plant (D:3)
1 creature vanquished.

Grand Total: 157 creatures vanquished

Notes
Turn   | Place    | Note
-------+----------+-------------------------------------------
     0 | D:1      | gobodom the Octopode Conjurer began the quest for the Orb.
     0 | D:1      | Reached XP level 1. HP: 11/11 MP: 3/3
   333 | D:1      | Reached XP level 2. HP: 17/17 MP: 3/5
   600 | D:1      | Found a faded altar of an unknown god.
   801 | D:1      | Found Wajaizum's Jewellery Shop.
   825 | D:1      | Reached XP level 3. HP: 21/21 MP: 4/6
  1666 | D:2      | Noticed an ogre
  1727 | D:2      | Killed an ogre
  1728 | D:2      | Reached skill level 5 in Conjurations
  1728 | D:2      | Reached XP level 4. HP: 19/27 MP: 4/8
  1728 | D:2      | Reached XP level 5. HP: 22/31 MP: 4/9
  2054 | D:2      | Identified the +7 long sword of Grace {vorpal, SInv}
  2539 | D:3      | Found a glowing silver altar of Zin.
  2635 | D:3      | Reached skill level 1 in Short Blades
  2994 | D:3      | Reached XP level 6. HP: 36/36 MP: 7/10
  3394 | D:4      | Reached skill level 1 in Long Blades
  3403 | D:4      | Reached skill level 6 in Conjurations
  3511 | D:4      | Reached XP level 7. HP: 27/42 MP: 10/12
  3643 | D:4      | Noticed Sigmund
  3649 | D:4      | Killed Sigmund
  3650 | D:4      | Reached skill level 1 in Fighting
  3650 | D:4      | Reached skill level 5 in Stealth
  3703 | D:4      | Learned a level 2 spell: Searing Ray
  3707 | D:4      | Learned a level 3 spell: Dazzling Flash
  4264 | D:4      | Noticed Eustachio
  4280 | D:4      | Killed Eustachio
  4281 | D:4      | Reached XP level 8. HP: 45/48 MP: 9/13
  4513 | D:5      | Entered Level 5 of the Dungeon
  4594 | D:5      | Identified the +6 mace of Lepsop {speed, Fly rF+ Will+
                  | rCorr}
  4607 | D:5      | Found a sand-covered staircase.
  4615 | Ossuary  | Entered an ossuary
  5127 | D:5      | Found Caisy's Assorted Antiques.
  5240 | D:5      | Noticed Grinder
  5243 | D:5      | Paralysed by Grinder for 3 turns
  5255 | D:5      | Paralysed by Grinder for 5 turns
  5261 | D:5      | Killed Grinder
  5449 | D:5      | Reached skill level 5 in Long Blades
  5835 | D:5      | Noticed Prince Ribbit
  5844 | D:5      | Killed Prince Ribbit
  5845 | D:5      | Reached skill level 7 in Conjurations
  6177 | D:5      | Found a sacrificial altar of Ru.
  6187 | D:5      | Reached XP level 9. HP: 43/54 MP: 11/15
  6438 | D:5      | Noticed Edmund
  6455 | D:5      | Killed Edmund
  7658 | D:6      | Noticed Maggie
  7907 | D:6      | Reached skill level 5 in Spellcasting
  7930 | D:6      | Killed from afar by Maggie

Illustrated notes

Levels and vault maps discovered:
D:1:      minmay_arrival_four_loops, layout_basic, serial_shops,
          nicolae_shop_competitors_out_of_business,
          ebering_ecumenical_altar_sacrificial
D:2:      layout_basic
D:3:      layout_rooms, mainiacjoe_overflow_24_doors, serial_bayou_pond_a,
          kennysheep_generic_room_2
D:4:      layout_basic, uniq_sigmund, uniq_eustachio
D:5:      layout_layer_cave, kennysheep_mini, serial_shops,
          nicolae_diamond_shop, enter_ossuary_4, uniq_prince_ribbit1,
          uniq_grinder, uniq_edmund
D:6:      layout_rooms, mainiacjoe_overflow_alcove_4, gammafunk_ghost_smash,
          uniq_maggie

Skill      XL: |  1  2  3  4  5  6  7  8  9 |
---------------+----------------------------+-----
Stealth        | 3 4 5 6 |  6.6
Conjurations   | 5 6 7 |  7.2
Spellcasting   | 3 4 5 |  5.0
Short Blades   | 1 |  1.8
Long Blades    | 1 3 5 6 |  6.5
Fighting       | 1 2 |  2.7
Dodging        | 3 |  3.0
Hexes          | |  0.6

Action                   |  1- 3 |  4- 6 |  7- 9 || total
-------------------------+-------+-------+-------++-------
Melee: Unarmed           |     4 |       |       ||     4
       Dagger            |     9 |     2 |       ||    11
       Constrict         |     2 |    10 |    20 ||    32
       Tentacles         |     2 |     4 |    21 ||    27
       Long sword        |       |    37 |   117 ||   154
       Punch             |       |     2 |     3 ||     5
 Cast: Magic Dart        |    67 |    18 |   143 ||   228
       Searing Ray       |       |       |     9 ||     9
       Dazzling Flash    |       |       |     4 ||     4
  Use: Scroll            |     2 |     2 |     4 ||     8
       Potion            |       |     1 |     3 ||     4
 Stab: Sleeping          |     1 |     5 |     5 ||    11
       Invisible         |       |       |     2 ||     2
Armor: Skin              |     2 |       |     3 ||     5
Dodge: Dodged            |    12 |    18 |    58 ||    88
